 Dungeon Crawl Stone Soup version 0.31-a0-145-g046c7d2549 (webtiles) character file.

Game seed: 110859967851543927

193050 qw the Marksminotaur (level 18, -21/178 HPs)
             Began as a Minotaur Hunter on June 6, 2023.
             Was a High Priest of Okawaru.
             Killed from afar by a salamander tyrant (25 damage)
             ... on level 4 of the Snake Pit.
             The game lasted 00:15:46 (32291 turns).

qw the Marksminotaur (Minotaur Hunter)             Turns: 32291, Time: 00:15:47

Health: -21/178    AC: 16    Str: 21    XL:     18   Next: 5%
Magic:  23/24      EV: 34    Int:  6    God:    Okawaru [*****.]
Gold:   2240       SH:  0    Dex: 22    Spells: 17/17 levels left

rFire   + . .        o - +6 longbow (flame)
rCold   . . .        (shield currently unavailable)
rNeg    + . .        l - +1 leather armour of Privacy {rN+ Will+ Dex+2}
rPois   .            f - +0 hat of Xozinaic {rF+}
rElec   .            n - +2 cloak
rCorr   .            k - +2 pair of gloves {Str+3}
SInv    +            x - +2 pair of boots
Will    ++...        c - amulet of faith
Stlth   +++          e - +5 ring of evasion
HPRegen 0.49/turn    p - ring of see invisible
MPRegen 0.19/turn

%: faith
@: lethally poisoned (-21 -> -25), heroic, weakened
A: horns 2, retaliatory headbutt
a: Renounce Religion, Heroism, Finesse, Duel


You were on level 4 of the Snake Pit.
You worshipped Okawaru.
Okawaru was extremely pleased with you.
You visited 6 branches of the dungeon, and saw 30 of its levels.
You also visited: Gauntlet.

You collected 2707 gold pieces.
You spent 467 gold pieces at shops.


Innate Abilities, Weirdness & Mutations

You have a pair of horns on your head.
You reflexively headbutt those who attack you in melee.


   Skills:
 + Level 19.9(24.9) Fighting
 - Level 20.0(25.0) Ranged Weapons
 - Level 11.1(16.1) Throwing
 - Level 9.0(14.0) Armour
 - Level 16.0(21.0) Dodging
 - Level 0.7(5.7) Stealth
 - Level 10.0 Invocations


You had 17 spell levels left.
You didn't know any spells.
Your spell library was empty.

Inventory:

Hand Weapons
 o - a +6 longbow of flaming (weapon)
Missiles
 d - 10 javelins
 g - 44 boomerangs
 w - 13 silver javelins
 F - 2 silver boomerangs
Armour
 f - the +0 hat of Xozinaic (worn) {rF+}
   (Okawaru gifted it to you on level 3 of the Lair of Beasts)

   rF:        It protects you from fire.
 k - a +2 pair of gloves of strength (worn)
 l - the +1 leather armour of Privacy (worn) {rN+ Will+ Dex+2}
   (You found it on level 5 of the Dungeon)

   Dex:       It affects your dexterity (+2).
   rN:        It protects you from negative energy.
   Will:      It increases your willpower.
 n - a +2 cloak (worn)
 q - a +0 troll leather armour
 u - a +3 leather armour of cold resistance
 x - a +2 pair of boots (worn)
 y - a +1 robe of fire resistance
 G - a +1 hat
Jewellery
 c - an amulet of faith (around neck)
 e - a +5 ring of evasion (left hand)
 p - a ring of see invisible (right hand)
 t - a +6 ring of strength
 z - a ring of willpower
 B - a ring of protection from fire
 C - a ring of protection from fire
 E - an amulet of reflection
 Y - a ring of protection from cold
Wands
 s - a wand of digging (9)
Scrolls
 a - 11 scrolls of identify
 m - 11 scrolls of teleportation
 H - 4 scrolls of enchant armour
Potions
 b - 2 potions of resistance
 h - 4 potions of haste
 i - 8 potions of mutation
 j - 8 potions of curing
 r - 2 potions of magic
 v - a potion of cancellation
 A - 5 potions of might
 D - a potion of heal wounds

Dungeon Overview and Level Annotations

Branches:
Dungeon (15/15)            Temple (1/1) D:5            Lair (5/5) D:8
 Shoals (3/4) Lair:3        Snake (4/4) Lair:3        Slime (0/5) Lair:4
    Orc (2/2) D:9             Elf (0/3) Orc:2        Vaults (0/5) D:13
 Depths (0/4) D:15        Gauntlet (visited)

Altars:
Ashenzari
Cheibriados
Dithmenos
Elyvilon
Fedhas
Gozag
Hepliaklqana
Kikubaaqudgha
Makhleb
Nemelex Xobeh
Okawaru
Qazlal
Ru
Sif Muna
Trog
Uskayaw
Vehumet
Wu Jian
Xom
Yredelemnul
Zin
The Shining One
Jiyva

Shops:
Orc:2 *?([   Shoals:1 [   Shoals:3 (

Portals:
Abyss: D:10

Annotations:
D:9 2 transporters, qw's ghost, journeyman GrFi
D:10 2 transporters
Lair:1 1 runed translucent door, qw's ghost, novice GrFi
Lair:5 2 runed translucent doors
Shoals:2 2 transporters
Snake:1 1 runed translucent door, Zonian's ghost, adept HOFi


Message History

Enter note:
Enter note:
Enter note:
Enter note:
Enter note:
Enter note:
Enter note:
Enter note:
Enter note:
Enter note:
Enter note:
Enter note:
Enter note:
Enter note:
32290 ||| FLEEEEING.
You feel sick.
The salamander tyrant rends the earth beneath you!
The blast of magma engulfs you!!! You partially resist.
The salamander tyrant gazes fiercely through you!
You feel as though you will be weak longer.
Enter note:
Enter note:
Enter note:
Enter note:
Enter note:
Enter note:
Enter note:
Enter note:
Enter note:
Enter note:
Enter note:
Enter note:
Enter note:
Enter note:
Enter note:
32291 ||| FLEEEEING.
You feel sick.
The naga sharpshooter shoots a bolt.
The bolt hits you!
The salamander tyrant rends the earth beneath you!
The blast of magma engulfs you!! You partially resist.
You die...

##...%.......
#...%#'##....
#####'#)##..'....
#~~~..#.#...#....
##~¤¤..#.#...'..(.
##¤¤¤¤.##.##..#....
##¤¤¤..##...####....
##¤~¤..##............
##~¤~@~##.............
#~~¤..##..............
#~~~.~~##...#'####.####.
¤~¤¤.N.##....#.##.###..#.
¤¤¤~..##.....#.........#.
¤¤.N..#.....##.........#.
¤.....#.....#....#####.#.
..NN. #.....##..##...#.#.
..... #......#..#....'.#.


You could see a naga sharpshooter, 2 salamander tyrants and a salamander.

Vanquished Creatures
  Nikola (Shoals:1)
  Frances (D:14)
  2 nagarajas (Snake:4)
  Aizul (Shoals:2)
  Louise (D:14)
  An orc warlord (Orc:1)
  A stone giant (D:15)
  Nessos (Lair:5)
  A minotaur (Gauntlet)
  4 merfolk impalers
  Fannar (Lair:2)
  Josephine (Lair:5)
  2 salamander tyrants
  6 anacondas
  An ogre mage (D:15)
  7 hydras
  2 catoblepae
  A merfolk aquamancer (Shoals:3)
  An alligator snapping turtle (Shoals:1)
  6 two-headed ogres
  A satyr (Shoals:3)
  4 boulder beetles
  12 centaur warriors
  3 tengu warriors
  11 naga warriors
  14 naga sharpshooters
  Sonja (Lair:5)
  A fire crab (Lair:5)
  3 shock serpents
  5 skysharks
  3 salamander mystics
  8 sea snakes
  A lindwurm (Snake:4)
  An orc knight (Orc:2)
  3 wizards
  3 naga ritualists
  A necromancer (D:13)
  3 harpies (Shoals:1)
  An orc sorcerer (Orc:1)
  4 deep elf pyromancers
  A shining eye (Gauntlet)
  5 mana vipers
  8 cyclopes
  An ice statue (Gauntlet)
  11 ugly things
  21 salamanders
  12 fauns
  A torpor snail (Lair:5)
  7 manticores
  A guardian serpent (shapeshifter) (D:14)
  8 merfolk sirens
  5 guardian serpents
  13 naga magi
  42 black mambas
  2 vault sentinels (D:11)
  A water nymph (Shoals:2)
  3 molten gargoyles
  A gargoyle (D:12)
  12 komodo dragons
  4 rime drakes
  8 cane toads
  A komodo dragon (shapeshifter) (D:12)
  4 kobold demonologists
  3 tengu conjurers
  A freezing wraith (D:14)
  A troll (shapeshifter) (D:15)
  6 trolls
  23 merfolk
  6 polar bears
  2 large abominations (Gauntlet)
  2 hornets
  3 wind drakes
  A wolf spider simulacrum (D:12)
  6 snapping turtles
  18 dream sheep
  5 slime creatures (D:12)
  21 blink frogs
  Sigmund (D:3)
  4 centaur simulacra (D:12)
  A spriggan (shapeshifter) (D:13)
  4 wyverns
  6 water elementals
  3 wraiths (Lair:5)
  48 yaks
  A fire elemental (D:13)
  2 vampires
  3 steam dragons (D:9)
  2 basilisks
  10 wargs
  3 small abominations (Gauntlet)
  A two-headed ogre zombie (D:9)
  40 nagas
  3 hell hounds (Lair:5)
  2 swamp worms (Gauntlet)
  3 acid dragons
  14 water moccasins
  A floating eye (Gauntlet)
  A meliai simulacrum (D:12)
  3 black bears
  4 ice beasts
  37 orc warriors
  6 ogres
  9 wolves
  29 centaurs
  4 phantoms
  6 kobold brigands
  2 gnoll sergeants (D:11)
  5 bullfrogs
  3 scorpions
  6 wights
  A hornet simulacrum (D:15)
  3 troll zombies (D:9)
  12 killer bees (D:9)
  A howler monkey (D:9)
  An electric eel (D:12)
  5 lava snakes (Lair:5)
  2 quasits (D:7)
  A jelly (D:8)
  3 sleepcaps
  20 orc priests
  2 hounds
  An iguana (D:5)
  4 hell rats (Lair:4)
  17 orc wizards
  4 ogre zombies (D:9)
  16 gnolls
  6 river rats (Lair:4)
  8 adders
  3 shadow imps (D:7)
  5 white imps
  5 ufetubi
  2 worms
  2 dart slugs
  54 orcs
  6 bats
  6 endoplasms
  3 giant cockroaches
  6 goblins
  7 hobgoblins
  6 jackals
  20 kobolds
  3 quokkas
  9 ball pythons
  7 frilled lizards
  A goblin skeleton (D:9)
  A goblin zombie (D:9)
  3 hobgoblin skeletons (D:9)
  2 hobgoblin zombies (D:9)
  6 orc skeletons (D:9)
  12 orc zombies (D:9)
  10 rats
  2 fire vortices (D:13)
950 creatures vanquished.

Vanquished Creatures (others)
  An ugly thing (D:14)
  An orc priest (Orc:2)
2 creatures vanquished.

Grand Total: 952 creatures vanquished

Notes
Turn   | Place    | Note
-------+----------+-------------------------------------------
     0 | D:1      | qw the Minotaur Hunter began the quest for the Orb.
     0 | D:1      | Reached XP level 1. HP: 18/18 MP: 0/0
     0 | D:1      | 0 ||| qw: Version: 0.2-a-116-g91df2f0
     0 | D:1      | 0 ||| qw: Game counter: 2397
     0 | D:1      | 0 ||| qw: Always use a shield: true
     0 | D:1      | 0 ||| qw: God list: Okawaru
     0 | D:1      | 0 ||| qw: Allow faded altars: false
     0 | D:1      | 0 ||| qw: Do Orc after D:15 true
     0 | D:1      | 0 ||| qw: Do second Lair branch before Depths: true
     0 | D:1      | 0 ||| qw: Lair rune preference: random
     0 | D:1      | 0 ||| qw: Plans: Normal
     0 | D:1      | 0 ||| PLANNING D:1-11
    11 | D:1      | Found a faded altar of an unknown god.
    71 | D:1      | Reached skill level 5 in Ranged Weapons
    71 | D:1      | Reached XP level 2. HP: 25/25 MP: 1/1
    92 | D:1      | You fall into a shaft and drop 1 floor!
   137 | D:2      | Reached skill level 3 in Fighting
   137 | D:2      | Reached XP level 3. HP: 23/31 MP: 2/2
   387 | D:2      | 387 ||| READING scroll labelled MIDUOL CAQIACSO.
   391 | D:2      | Found a sparkling altar of Nemelex Xobeh.
   503 | D:2      | 503 ||| READING scroll labelled XEKHLE QIZXUDI.
   504 | D:2      | 504 ||| READING scroll labelled XIVAXK QIMEFFOU.
   505 | D:2      | 505 ||| DROPPING scroll of butterflies.
  1243 | D:1      | 1243 ||| UPGRADING to +5 ring of evasion.
  1244 | D:1      | 1244 ||| READING scroll labelled IQEACSUVIDD.
  1436 | D:2      | Reached XP level 4. HP: 33/38 MP: 3/3
  1436 | D:2      | 1436 ||| Stepping ~*~*~tactically~*~*~ (outnumbered).
  1445 | D:2      | Reached skill level 6 in Ranged Weapons
  1994 | D:2      | 1994 ||| UPGRADING to +1 pair of gloves of strength.
  1999 | D:2      | 1999 ||| READING scroll labelled JUEHERR YKOEFY.
  2173 | D:3      | Reached skill level 1 in Armour
  2421 | D:3      | Noticed Sigmund
  2428 | D:3      | Killed Sigmund
  2429 | D:3      | Reached skill level 6 in Fighting
  2429 | D:3      | Reached XP level 5. HP: 41/50 MP: 4/4
  2429 | D:3      | Reached XP level 6. HP: 47/57 MP: 5/5
  2528 | D:3      | 2528 ||| UPGRADING to amulet of regeneration.
  2533 | D:3      | 2533 ||| READING scroll labelled YZIRUG IFAUNUI.
  2534 | D:3      | 2534 ||| READING scroll labelled NICALAB WEAPUA.
  2893 | D:4      | Reached skill level 7 in Ranged Weapons
  2921 | D:4      | 2921 ||| READING scroll of enchant weapon.
  2921 | D:4      | 2921 ||| ENCHANTING +1 shortbow.
  3217 | D:4      | 3217 ||| UPGRADING to +0 ring mail.
  3227 | D:4      | 3227 ||| DROPPING +0 leather armour.
  3228 | D:4      | 3228 ||| READING scroll labelled VIWKER AKOUL.
  3229 | D:4      | 3229 ||| READING scroll labelled BUOFRI HISHAZO.
  3230 | D:4      | 3230 ||| READING scroll labelled ZAUROS TUORINE.
  3231 | D:4      | 3231 ||| READING scroll labelled TETIROMOS.
  3232 | D:4      | 3232 ||| DRINKING 2 fizzy emerald potions.
  3267 | D:5      | Entered Level 5 of the Dungeon
  3374 | D:5      | 3374 ||| FLEEEEING.
  3375 | D:5      | 3375 ||| FLEEEEING.
  3383 | D:5      | 3383 ||| FLEEEEING.
  3384 | D:5      | 3384 ||| FLEEEEING.
  3385 | D:5      | 3385 ||| FLEEEEING.
  3386 | D:5      | 3386 ||| FLEEEEING.
  3387 | D:5      | 3387 ||| FLEEEEING.
  3388 | D:5      | 3388 ||| FLEEEEING.
  3389 | D:5      | 3389 ||| FLEEEEING.
  3390 | D:5      | 3390 ||| FLEEEEING.
  3391 | D:5      | 3391 ||| FLEEEEING.
  3392 | D:5      | 3392 ||| FLEEEEING.
  3393 | D:5      | 3393 ||| FLEEEEING.
  3394 | D:5      | 3394 ||| FLEEEEING.
  3395 | D:5      | 3395 ||| FLEEEEING.
  3396 | D:5      | 3396 ||| FLEEEEING.
  3397 | D:5      | 3397 ||| FLEEEEING.
  3398 | D:5      | 3398 ||| FLEEEEING.
  3406 | D:5      | 3406 ||| FLEEEEING.
  3407 | D:5      | 3407 ||| FLEEEEING.
  3408 | D:5      | 3408 ||| FLEEEEING.
  3409 | D:5      | 3409 ||| FLEEEEING.
  3421 | D:5      | Reached XP level 7. HP: 41/63 MP: 6/6
  3456 | D:5      | Reached skill level 8 in Ranged Weapons
  3708 | D:5      | Found a hide-covered altar of Uskayaw.
  3843 | D:5      | Identified the +1 leather armour of Privacy {rN+ Will+
                  | Dex+2}
  3869 | D:5      | Found a staircase to the Ecumenical Temple.
  3870 | D:5      | 3870 ||| PLANNING TEMPLE
  3870 | D:5      | 3870 ||| UPGRADING to +1 leather armour of Privacy {rN+
                  | Will+ Dex+2}.
  3880 | D:5      | 3880 ||| DROPPING +0 ring mail.
  3881 | D:5      | 3881 ||| READING scroll labelled HASAUT ZODGH.
  3888 | D:5      | Reached skill level 3 in Dodging
  3894 | Temple   | Entered the Ecumenical Temple
  3918 | Temple   | 3918 ||| PLANNING OKAWARU WORSHIP
  3931 | Temple   | Became a worshipper of Warmaster Okawaru
  3931 | Temple   | 3931 ||| PLANNING D:1-11
  4351 | D:5      | 4351 ||| UPGRADING to amulet of faith.
  4385 | D:6      | Reached skill level 9 in Ranged Weapons
  4393 | D:6      | 4393 ||| STAIRDANCE
  4462 | D:6      | Reached XP level 8. HP: 70/70 MP: 7/7
  4467 | D:6      | Reached * piety under Okawaru
  4501 | D:6      | Found a glowing silver altar of Zin.
  4650 | D:6      | Reached skill level 1 in Invocations
  4871 | D:6      | 4871 ||| SWAPPING to +0 orcbow.
  4872 | D:6      | 4872 ||| DROPPING +2 shortbow.
  5114 | D:6      | Reached skill level 10 in Ranged Weapons
  5141 | D:6      | 5141 ||| DRINKING 3 grey potions.
  5142 | D:6      | 5142 ||| READING 2 scrolls of identify.
  5142 | D:6      | 5142 ||| IDENTIFYING pink potion
  5143 | D:6      | 5143 ||| DROPPING potion of ambrosia.
  5197 | D:7      | Reached skill level 3 in Invocations
  5197 | D:7      | 5197 ||| STAIRDANCE
  5633 | D:7      | Reached skill level 1 in Throwing
  5678 | D:7      | Reached ** piety under Okawaru
  5693 | D:7      | 5693 ||| INVOKING Heroism.
  5815 | D:7      | Reached XP level 9. HP: 79/79 MP: 11/11
  6151 | D:7      | 6151 ||| Stepping ~*~*~tactically~*~*~ (outnumbered).
  6170 | D:7      | 6170 ||| UPGRADING to +0 pair of boots.
  6206 | D:8      | Found a staircase to the Lair.
  6228 | D:8      | 6228 ||| INVOKING Heroism.
  6248 | D:8      | 6248 ||| INVOKING Heroism.
  6368 | D:8      | Found a burning altar of Makhleb.
  6397 | D:8      | 6397 ||| INVOKING Heroism.
  6399 | D:8      | 6399 ||| Stepping ~*~*~tactically~*~*~ (outnumbered).
  6417 | D:8      | 6417 ||| Stepping ~*~*~tactically~*~*~ (outnumbered).
  6422 | D:8      | 6422 ||| INVOKING Heroism.
  6428 | D:8      | 6428 ||| Stepping ~*~*~tactically~*~*~ (outnumbered).
  6443 | D:8      | Reached skill level 11 in Ranged Weapons
  6444 | D:8      | HP: 18/79 [kobold/bolt of light (7)]
  6445 | D:8      | 6445 ||| DRINKING 2 potions of heal wounds.
  6450 | D:8      | 6450 ||| INVOKING Heroism.
  6771 | D:8      | 6771 ||| INVOKING Heroism.
  7031 | D:8      | 7031 ||| INVOKING Heroism.
  7251 | D:8      | 7251 ||| PLANNING LAIR
  7251 | D:8      | 7251 ||| DROPPING ring of fire.
  7252 | D:8      | 7252 ||| UPGRADING to ring of protection from fire.
  7253 | D:8      | 7253 ||| READING 4 scrolls of identify.
  7253 | D:8      | 7253 ||| IDENTIFYING fuming clear potion
  7254 | D:8      | 7254 ||| READING 3 scrolls of identify.
  7254 | D:8      | 7254 ||| IDENTIFYING coppery potion
  7255 | D:8      | 7255 ||| READING 2 scrolls of identify.
  7255 | D:8      | 7255 ||| IDENTIFYING bubbling white potion
  7256 | D:8      | 7256 ||| DROPPING potion of lignification.
  7281 | Lair:1   | Entered Level 1 of the Lair of Beasts
  7312 | Lair:1   | Reached skill level 12 in Ranged Weapons
  7339 | Lair:1   | 7339 ||| INVOKING Heroism.
  7350 | Lair:1   | Reached *** piety under Okawaru
  7351 | Lair:1   | Reached skill level 6 in Dodging
  7521 | Lair:1   | Noticed a cane toad
  7522 | Lair:1   | 7522 ||| INVOKING Heroism.
  7528 | Lair:1   | Killed a cane toad
  7529 | Lair:1   | Reached XP level 10. HP: 89/89 MP: 9/12
  7651 | Lair:1   | Reached skill level 13 in Ranged Weapons
  7710 | Lair:1   | Found a runed translucent door.
  7712 | Lair:1   | Found a shimmering altar of Xom.
  7712 | Lair:1   | Noticed qw's ghost (novice GrFi)
  7713 | Lair:1   | Noticed a +0 flail of chaos
  7881 | Lair:1   | 7881 ||| INVOKING Heroism.
  7889 | Lair:1   | Reached skill level 9 in Fighting
  8030 | Lair:1   | 8030 ||| INVOKING Heroism.
  8040 | Lair:1   | Reached skill level 3 in Armour
  8040 | Lair:1   | Reached **** piety under Okawaru
  8387 | Lair:1   | 8387 ||| READING scroll labelled ZEJY MYFYH.
  8388 | Lair:1   | 8388 ||| READING 5 scrolls of identify.
  8388 | Lair:1   | 8388 ||| IDENTIFYING metallic dark potion
  8389 | Lair:1   | 8389 ||| READING 4 scrolls of identify.
  8389 | Lair:1   | 8389 ||| IDENTIFYING golden potion
  8390 | Lair:1   | 8390 ||| READING 3 scrolls of identify.
  8390 | Lair:1   | 8390 ||| IDENTIFYING metallic silvery potion
  8391 | Lair:1   | 8391 ||| READING 2 scrolls of identify.
  8391 | Lair:1   | 8391 ||| IDENTIFYING fizzy clear potion
  8392 | Lair:1   | 8392 ||| DROPPING potion of enlightenment.
  8393 | Lair:1   | 8393 ||| DROPPING potion of degeneration.
  8394 | Lair:1   | 8394 ||| DROPPING potion of attraction.
  8536 | Lair:2   | Noticed Fannar
  8551 | Lair:2   | 8551 ||| INVOKING Heroism.
  8554 | Lair:2   | Killed Fannar
  8715 | Lair:2   | Reached ***** piety under Okawaru
  8786 | Lair:2   | Noticed a black mamba
  8787 | Lair:2   | 8787 ||| INVOKING Heroism.
  8800 | Lair:2   | Killed a black mamba
  8801 | Lair:2   | Reached skill level 6 in Invocations
  8889 | Lair:2   | 8889 ||| INVOKING Heroism.
  8904 | Lair:2   | Noticed a black mamba
  8910 | Lair:2   | Reached XP level 11. HP: 87/97 MP: 14/14
  8921 | Lair:2   | HP: 21/97 [black mamba (10)]
  8922 | Lair:2   | 8922 ||| READING 7 scrolls of teleportation.
  8923 | Lair:2   | 8923 ||| DRINKING 2 potions of heal wounds.
  8924 | Lair:2   | 8924 ||| INVOKING Heroism.
  8928 | Lair:2   | HP: 23/97 [poisoned by a black mamba]
  8929 | Lair:2   | 8929 ||| READING 6 scrolls of teleportation.
  8930 | Lair:2   | 8930 ||| DRINKING potion of heal wounds.
  9241 | Lair:2   | 9241 ||| INVOKING Heroism.
  9251 | Lair:2   | Reached skill level 14 in Ranged Weapons
  9313 | Lair:2   | Found a stormy altar of Qazlal.
  9322 | Lair:2   | 9322 ||| INVOKING Heroism.
  9574 | Lair:2   | 9574 ||| INVOKING Heroism.
  9726 | Lair:2   | 9726 ||| INVOKING Heroism.
  9886 | Lair:2   | 9886 ||| DROPPING ring of magical power.
  9887 | Lair:2   | 9887 ||| READING scroll labelled ILODGH UTOCEAW.
  9887 | Lair:2   | Identified a scroll of acquirement
  9887 | Lair:2   | 9887 ||| ACQUIRING +6 arbalest of draining
  9887 | Lair:2   | Acquired a +6 arbalest of draining
  9889 | Lair:2   | 9889 ||| SWAPPING to +6 arbalest of draining.
  9890 | Lair:2   | 9890 ||| DROPPING +0 orcbow.
  9891 | Lair:2   | 9891 ||| READING 3 scrolls of identify.
  9891 | Lair:2   | 9891 ||| IDENTIFYING bubbling dark potion
  9892 | Lair:2   | 9892 ||| READING 2 scrolls of identify.
  9892 | Lair:2   | 9892 ||| IDENTIFYING inky potion
  9893 | Lair:2   | 9893 ||| DROPPING potion of brilliance.
  9938 | Lair:3   | 9938 ||| INVOKING Heroism.
  9956 | Lair:3   | Identified the +0 hat of Xozinaic {rF+} (Okawaru gifted it
                  | to you on level 3 of the Lair of Beasts)
  9956 | Lair:3   | Received a gift from Okawaru
 10016 | Lair:3   | 10016 ||| INVOKING Heroism.
 10057 | Lair:3   | 10057 ||| INVOKING Heroism.
 10077 | Lair:3   | Found a staircase to the Shoals.
 10100 | Lair:3   | Found a staircase to the Snake Pit.
 10101 | Lair:3   | 10101 ||| Stepping ~*~*~tactically~*~*~ (outnumbered).
 10103 | Lair:3   | 10103 ||| Stepping ~*~*~tactically~*~*~ (outnumbered).
 10106 | Lair:3   | 10106 ||| Stepping ~*~*~tactically~*~*~ (outnumbered).
 10112 | Lair:3   | Reached skill level 9 in Invocations
 10184 | Lair:3   | 10184 ||| INVOKING Heroism.
 10203 | Lair:3   | Reached skill level 15 in Ranged Weapons
 10634 | Lair:3   | 10634 ||| READING scroll of enchant armour.
 10634 | Lair:3   | 10634 ||| ENCHANTING +1 pair of gloves of strength.
 10734 | Lair:3   | 10734 ||| UPGRADING to +0 hat of Xozinaic {rF+}.
 10739 | Lair:3   | 10739 ||| UPGRADING to +0 cloak.
 10744 | Lair:3   | 10744 ||| DROPPING +2 robe of cold resistance.
 10771 | Lair:4   | 10771 ||| PLANNING GAUNTLET
 10789 | Lair:4   | 10789 ||| INVOKING Heroism.
 10810 | Lair:4   | Found a gate leading to a gauntlet.
 10815 | Lair:4   | Reached XP level 12. HP: 106/106 MP: 18/18
 10821 | Gauntlet | Entered a Gauntlet
 10821 | Gauntlet | Found a transporter.
 10821 | Gauntlet | Found a transporter.
 10822 | Gauntlet | Found a transporter.
 10822 | Gauntlet | Found a transporter.
 10822 | Gauntlet | Noticed a great orb of eyes
 10825 | Gauntlet | Found a transporter.
 10829 | Gauntlet | Noticed a catoblepas
 10835 | Gauntlet | Found a transporter.
 10900 | Gauntlet | Found a transporter.
 10914 | Gauntlet | Found a transporter.
 10926 | Gauntlet | Found a transporter.
 10936 | Gauntlet | Found a transporter.
 10951 | Gauntlet | Found a transporter.
 10957 | Gauntlet | Found a transporter.
 11022 | Gauntlet | 11022 ||| INVOKING Heroism.
 11070 | Gauntlet | 11070 ||| UPGRADING to ring of willpower.
 11077 | Gauntlet | 11077 ||| Stepping randomly (stuck).
 11083 | Gauntlet | Paralysed by a floating eye for 3 turns
 11091 | Gauntlet | Paralysed by a floating eye for 4 turns
 11115 | Gauntlet | 11115 ||| READING scroll of enchant weapon.
 11115 | Gauntlet | 11115 ||| ENCHANTING +6 arbalest of draining.
 11134 | Gauntlet | 11134 ||| INVOKING Heroism.
 11135 | Gauntlet | 11135 ||| INVOKING Finesse.
 11145 | Gauntlet | 11145 ||| Stepping randomly (stuck).
 11146 | Gauntlet | HP: 22/106 [ice statue] (9)]
 11389 | Gauntlet | 11389 ||| INVOKING Heroism.
 11394 | Gauntlet | Received a gift from Okawaru
 11451 | Gauntlet | 11451 ||| ZAPPING wand of digging (10).
 11454 | Gauntlet | 11454 ||| INVOKING Heroism.
 11612 | Gauntlet | Noticed a minotaur
 11613 | Gauntlet | 11613 ||| INVOKING Heroism.
 11621 | Gauntlet | Killed a minotaur
 11621 | Gauntlet | Received a gift from Okawaru
 11631 | Gauntlet | Identified the staff of death "Jotail" {Fragile rN+ Int+4
                  | Dex+6}
 11641 | Gauntlet | 11641 ||| UPGRADING to +2 pair of boots.
 11651 | Gauntlet | 11651 ||| DROPPING +0 pair of boots.
 11656 | Lair:4   | 11656 ||| PLANNING LAIR
 11685 | Lair:4   | Noticed a five-headed hydra
 11686 | Lair:4   | 11686 ||| INVOKING Heroism.
 11692 | Lair:4   | Killed a five-headed hydra
 11693 | Lair:4   | Reached skill level 3 in Throwing
 11865 | Lair:4   | Found a staircase to the Slime Pits.
 11866 | Lair:4   | Found a viscous altar of Jiyva.
 11895 | Lair:4   | Noticed a five-headed hydra
 11896 | Lair:4   | 11896 ||| INVOKING Heroism.
 11900 | Lair:4   | Killed a five-headed hydra
 11919 | Lair:4   | Noticed a seven-headed hydra
 11930 | Lair:4   | Killed a seven-headed hydra
 12538 | Lair:5   | Entered Level 5 of the Lair of Beasts
 12617 | Lair:5   | Noticed Sonja
 12618 | Lair:5   | Killed Sonja
 12619 | Lair:5   | Reached skill level 16 in Ranged Weapons
 12641 | Lair:5   | Noticed a seven-headed hydra
 12643 | Lair:5   | 12643 ||| INVOKING Heroism.
 12644 | Lair:5   | 12644 ||| INVOKING Finesse.
 12668 | Lair:5   | Killed a seven-headed hydra
 12673 | Lair:5   | Reached skill level 9 in Dodging
 12759 | Lair:5   | 12759 ||| INVOKING Heroism.
 12806 | Lair:5   | Reached XP level 13. HP: 116/116 MP: 19/19
 12810 | Lair:5   | Received a gift from Okawaru
 12812 | Lair:5   | 12812 ||| SWAPPING to +1 heavy longbow.
 12813 | Lair:5   | 12813 ||| DROPPING +7 arbalest of draining.
 12816 | Lair:5   | 12816 ||| INVOKING Heroism.
 12869 | Lair:5   | 12869 ||| INVOKING Heroism.
 12886 | Lair:5   | Reached skill level 17 in Ranged Weapons
 12939 | Lair:5   | Identified the +4 flail of the Warrior-Mage {vamp, *Noise
                  | rPois rF+ rC+}
 13049 | Lair:5   | Noticed Nessos
 13050 | Lair:5   | 13050 ||| INVOKING Finesse.
 13057 | Lair:5   | Killed Nessos
 13058 | Lair:5   | Reached skill level 6 in Throwing
 13152 | Lair:5   | 13152 ||| SWAPPING to +2 longbow of flaming.
 13153 | Lair:5   | 13153 ||| DROPPING +1 heavy longbow.
 13327 | Lair:5   | Received a gift from Okawaru
 13348 | Lair:5   | 13348 ||| INVOKING Heroism.
 13412 | Lair:5   | Noticed Josephine
 13413 | Lair:5   | 13413 ||| INVOKING Heroism.
 13433 | Lair:5   | Killed Josephine
 13433 | Lair:5   | Received a gift from Okawaru
 13564 | Lair:5   | 13564 ||| INVOKING Heroism.
 13571 | Lair:5   | 13571 ||| Stepping ~*~*~tactically~*~*~ (outnumbered).
 13591 | Lair:5   | 13591 ||| Stepping ~*~*~tactically~*~*~ (outnumbered).
 13594 | Lair:5   | 13594 ||| Stepping ~*~*~tactically~*~*~ (outnumbered).
 13608 | Lair:5   | Reached skill level 18 in Ranged Weapons
 13611 | Lair:5   | 13611 ||| INVOKING Heroism.
 13700 | Lair:5   | 13700 ||| INVOKING Heroism.
 13762 | Lair:5   | Found a large runed translucent door.
 13763 | Lair:5   | Found a large runed translucent door.
 13777 | Lair:5   | Noticed a fire dragon
 14305 | Lair:5   | 14305 ||| PLANNING D:1-11
 14305 | Lair:5   | 14305 ||| READING 3 scrolls of identify.
 14305 | Lair:5   | 14305 ||| IDENTIFYING smoky inky potion
 14306 | Lair:5   | 14306 ||| READING 2 scrolls of identify.
 14306 | Lair:5   | 14306 ||| IDENTIFYING bubbling golden potion
 14317 | Lair:5   | 14317 ||| DROPPING potion of invisibility.
 14633 | D:9      | 14633 ||| INVOKING Heroism.
 14635 | D:9      | Reached skill level 12 in Fighting
 14721 | D:9      | Found a staircase to the Orcish Mines.
 14929 | D:9      | 14929 ||| INVOKING Heroism.
 14995 | D:9      | 14995 ||| INVOKING Heroism.
 15105 | D:9      | Found a transporter.
 15120 | D:9      | Found a transporter.
 15126 | D:9      | Noticed qw's ghost (journeyman GrFi)
 15275 | D:9      | 15275 ||| DROPPING ring of flight.
 15306 | D:10     | Entered Level 10 of the Dungeon
 15394 | D:10     | Noticed a brown very ugly thing
 15401 | D:10     | Received a gift from Okawaru
 15425 | D:10     | Found a transporter.
 15428 | D:10     | Found a one-way gate to the infinite horrors of the Abyss.
 15552 | D:10     | Found a transporter.
 15652 | D:10     | 15652 ||| INVOKING Heroism.
 15663 | D:10     | HP: 24/118 [yak (10)]
 15664 | D:10     | 15664 ||| READING 7 scrolls of teleportation.
 15665 | D:10     | 15665 ||| DRINKING 2 potions of heal wounds.
 15666 | D:10     | Received a gift from Okawaru
 15667 | D:10     | 15667 ||| DRINKING potion of heal wounds.
 16325 | D:11     | Identified the +5 mace "Cal Iwy" {drain, rPois Will+ MP+9}
 16644 | D:11     | 16644 ||| INVOKING Heroism.
 16645 | D:11     | 16645 ||| INVOKING Finesse.
 16651 | D:11     | Reached XP level 14. HP: 126/126 MP: 12/20
 16773 | D:11     | 16773 ||| FLEEEEING.
 16777 | D:11     | 16777 ||| FLEEEEING.
 16778 | D:11     | 16778 ||| FLEEEEING.
 16782 | D:11     | 16782 ||| FLEEEEING.
 16785 | D:11     | 16785 ||| FLEEEEING.
 16786 | D:11     | 16786 ||| FLEEEEING.
 16787 | D:11     | 16787 ||| FLEEEEING.
 16788 | D:11     | 16788 ||| FLEEEEING.
 16790 | D:11     | 16790 ||| FLEEEEING.
 16791 | D:11     | 16791 ||| FLEEEEING.
 16795 | D:11     | 16795 ||| FLEEEEING.
 16796 | D:11     | 16796 ||| FLEEEEING.
 16797 | D:11     | 16797 ||| FLEEEEING.
 16798 | D:11     | 16798 ||| FLEEEEING.
 16799 | D:11     | 16799 ||| FLEEEEING.
 16808 | D:11     | 16808 ||| FLEEEEING.
 16809 | D:11     | 16809 ||| FLEEEEING.
 16810 | D:11     | 16810 ||| FLEEEEING.
 16811 | D:11     | 16811 ||| STAIRDANCE
 16830 | D:10     | 16830 ||| READING 2 scrolls of identify.
 16830 | D:10     | 16830 ||| IDENTIFYING bubbling blue potion
 16831 | D:10     | 16831 ||| DRINKING potion of experience.
 16831 | D:10     | Reached skill level 19 in Ranged Weapons
 16831 | D:10     | Reached XP level 15. HP: 132/132 MP: 21/21
 16838 | D:11     | 16838 ||| Stepping ~*~*~tactically~*~*~ (outnumbered).
 16841 | D:11     | 16841 ||| Stepping ~*~*~tactically~*~*~ (outnumbered).
 16955 | D:11     | Found the +18 shield of the Gong {Loud rN+ Will+ rCorr
                  | EV-5}
 17256 | D:11     | 17256 ||| PLANNING D
 17275 | D:12     | 17275 ||| INVOKING Heroism.
 17392 | D:12     | 17392 ||| FLEEEEING.
 17657 | D:12     | 17657 ||| Stepping ~*~*~tactically~*~*~ (outnumbered).
 17659 | D:12     | 17659 ||| Stepping ~*~*~tactically~*~*~ (outnumbered).
 17661 | D:12     | 17661 ||| Stepping ~*~*~tactically~*~*~ (outnumbered).
 17683 | D:12     | 17683 ||| READING scroll of enchant armour.
 17683 | D:12     | 17683 ||| ENCHANTING +0 cloak.
 17708 | D:12     | 17708 ||| Stepping ~*~*~tactically~*~*~ (outnumbered).
 17727 | D:12     | 17727 ||| Stepping ~*~*~tactically~*~*~ (outnumbered).
 18390 | D:12     | 18390 ||| DROPPING ring of fire.
 18547 | D:13     | 18547 ||| FLEEEEING.
 18548 | D:13     | 18548 ||| FLEEEEING.
 18549 | D:13     | 18549 ||| FLEEEEING.
 18550 | D:13     | 18550 ||| FLEEEEING.
 18551 | D:13     | 18551 ||| FLEEEEING.
 18552 | D:13     | 18552 ||| FLEEEEING.
 18553 | D:13     | 18553 ||| FLEEEEING.
 18554 | D:13     | 18554 ||| FLEEEEING.
 18555 | D:13     | 18555 ||| FLEEEEING.
 18556 | D:13     | 18556 ||| FLEEEEING.
 18557 | D:13     | 18557 ||| FLEEEEING.
 18558 | D:13     | 18558 ||| FLEEEEING.
 18569 | D:13     | Received a gift from Okawaru
 18580 | D:13     | 18580 ||| INVOKING Heroism.
 18642 | D:13     | Reached skill level 20 in Ranged Weapons
 18677 | D:13     | 18677 ||| FLEEEEING.
 18678 | D:13     | 18678 ||| STAIRDANCE
 18772 | D:13     | 18772 ||| Stepping ~*~*~tactically~*~*~ (outnumbered).
 18774 | D:13     | 18774 ||| Stepping ~*~*~tactically~*~*~ (outnumbered).
 18775 | D:13     | 18775 ||| Stepping ~*~*~tactically~*~*~ (outnumbered).
 18776 | D:13     | 18776 ||| Stepping ~*~*~tactically~*~*~ (outnumbered).
 18841 | D:13     | Reached skill level 6 in Armour
 18866 | D:13     | Found a gate to the Vaults.
 18969 | D:13     | 18969 ||| Stepping ~*~*~tactically~*~*~ (cloud).
 18977 | D:13     | 18977 ||| INVOKING Heroism.
 19011 | D:13     | Received a gift from Okawaru
 19022 | D:13     | 19022 ||| INVOKING Heroism.
 19586 | D:13     | Found an ornate altar of the Wu Jian Council.
 19737 | D:13     | 19737 ||| READING 3 scrolls of identify.
 19737 | D:13     | 19737 ||| IDENTIFYING viscous golden potion
 19908 | D:14     | 19908 ||| Stepping ~*~*~tactically~*~*~ (cloud).
 19913 | D:14     | 19913 ||| Stepping ~*~*~tactically~*~*~ (cloud).
 20017 | D:14     | 20017 ||| FLEEEEING.
 20018 | D:14     | 20018 ||| FLEEEEING.
 20019 | D:14     | 20019 ||| FLEEEEING.
 20024 | D:14     | 20024 ||| INVOKING Heroism.
 20305 | D:14     | Noticed Frances
 20306 | D:14     | 20306 ||| INVOKING Heroism.
 20307 | D:14     | 20307 ||| INVOKING Finesse.
 20313 | D:14     | Killed Frances
 20313 | D:14     | Received a gift from Okawaru
 20602 | D:14     | Noticed Louise
 20603 | D:14     | 20603 ||| INVOKING Heroism.
 20604 | D:14     | 20604 ||| INVOKING Finesse.
 20619 | D:14     | Killed Louise
 20620 | D:14     | Reached skill level 12 in Dodging
 20711 | D:14     | Found a blossoming altar of Fedhas.
 20858 | D:14     | 20858 ||| DROPPING amulet of guardian spirit.
 20862 | D:15     | Entered Level 15 of the Dungeon
 20881 | D:15     | 20881 ||| STAIRDANCE
 20883 | D:14     | 20883 ||| INVOKING Heroism.
 21062 | D:15     | 21062 ||| STAIRDANCE
 21066 | D:14     | 21066 ||| INVOKING Heroism.
 21187 | D:15     | 21187 ||| INVOKING Heroism.
 21228 | D:15     | 21228 ||| READING scroll of enchant weapon.
 21228 | D:15     | 21228 ||| ENCHANTING +2 longbow of flaming.
 21239 | D:15     | Reached skill level 15 in Fighting
 21239 | D:15     | Reached XP level 16. HP: 149/149 MP: 22/22
 21272 | D:15     | 21272 ||| INVOKING Heroism.
 21397 | D:15     | Found a staircase to the Depths.
 21654 | D:15     | 21654 ||| PLANNING ORC
 21654 | D:15     | 21654 ||| READING scroll labelled QAFUWU YRGHEYKH.
 21848 | Orc:1    | Entered Level 1 of the Orcish Mines
 22027 | Orc:2    | Entered Level 2 of the Orcish Mines
 22147 | Orc:1    | 22147 ||| INVOKING Heroism.
 22148 | Orc:1    | 22148 ||| INVOKING Finesse.
 22149 | Orc:1    | 22149 ||| Stepping ~*~*~tactically~*~*~ (outnumbered).
 22160 | Orc:1    | Received a gift from Okawaru
 22513 | Orc:1    | 22513 ||| INVOKING Heroism.
 22621 | Orc:2    | 22621 ||| Stepping ~*~*~tactically~*~*~ (outnumbered).
 22627 | Orc:2    | 22627 ||| Stepping ~*~*~tactically~*~*~ (outnumbered).
 22631 | Orc:2    | 22631 ||| Stepping ~*~*~tactically~*~*~ (outnumbered).
 22632 | Orc:2    | 22632 ||| INVOKING Heroism.
 22633 | Orc:2    | 22633 ||| Stepping ~*~*~tactically~*~*~ (outnumbered).
 22637 | Orc:2    | 22637 ||| Stepping ~*~*~tactically~*~*~ (outnumbered).
 22638 | Orc:2    | 22638 ||| Stepping ~*~*~tactically~*~*~ (outnumbered).
 22639 | Orc:2    | 22639 ||| Stepping ~*~*~tactically~*~*~ (outnumbered).
 22640 | Orc:2    | 22640 ||| Stepping ~*~*~tactically~*~*~ (outnumbered).
 22643 | Orc:2    | 22643 ||| Stepping ~*~*~tactically~*~*~ (outnumbered).
 22644 | Orc:2    | 22644 ||| Stepping ~*~*~tactically~*~*~ (outnumbered).
 22645 | Orc:2    | 22645 ||| Stepping ~*~*~tactically~*~*~ (outnumbered).
 22826 | Orc:2    | 22826 ||| Stepping ~*~*~tactically~*~*~ (outnumbered).
 22827 | Orc:2    | 22827 ||| Stepping ~*~*~tactically~*~*~ (outnumbered).
 22913 | Orc:2    | 22913 ||| Stepping ~*~*~tactically~*~*~ (outnumbered).
 22924 | Orc:2    | 22924 ||| Stepping ~*~*~tactically~*~*~ (outnumbered).
 22928 | Orc:2    | 22928 ||| INVOKING Heroism.
 23140 | Orc:2    | Found a staircase to the Elven Halls.
 23238 | Orc:2    | Found Yvesm's Weapon Shoppe.
 23238 | Orc:2    | Found Oczaphagu's Magic Scroll Shop.
 23240 | Orc:2    | Found Merugo's General Store.
 23242 | Orc:2    | Found Fusosalis's Antique Armour Emporium.
 23247 | Orc:2    | 23247 ||| BUYING scroll of enchant weapon (97 gold).
 23247 | Orc:2    | Bought a scroll of enchant weapon for 97 gold pieces
 23247 | Orc:2    | 23247 ||| BUYING scroll of identify (26 gold).
 23247 | Orc:2    | Bought a scroll of identify for 26 gold pieces
 23247 | Orc:2    | 23247 ||| BUYING scroll of identify (26 gold).
 23247 | Orc:2    | Bought a scroll of identify for 26 gold pieces
 23247 | Orc:2    | 23247 ||| BUYING scroll of identify (26 gold).
 23247 | Orc:2    | Bought a scroll of identify for 26 gold pieces
 23247 | Orc:2    | 23247 ||| BUYING scroll of identify (26 gold).
 23247 | Orc:2    | Bought a scroll of identify for 26 gold pieces
 23247 | Orc:2    | 23247 ||| READING scroll of enchant weapon.
 23247 | Orc:2    | 23247 ||| ENCHANTING +3 longbow of flaming.
 23250 | Orc:2    | 23250 ||| BUYING potion of might (64 gold).
 23250 | Orc:2    | Bought a potion of might for 64 gold pieces
 23250 | Orc:2    | 23250 ||| BUYING scroll of identify (32 gold).
 23250 | Orc:2    | Bought a scroll of identify for 32 gold pieces
 23250 | Orc:2    | 23250 ||| BUYING scroll of teleportation (48 gold).
 23250 | Orc:2    | Bought a scroll of teleportation for 48 gold pieces
 23255 | Orc:2    | 23255 ||| BUYING embroidered robe (122 gold).
 23255 | Orc:2    | Bought an embroidered robe for 122 gold pieces
 23280 | Orc:2    | 23280 ||| PLANNING SNAKE:1-3
 23280 | Orc:2    | 23280 ||| DROPPING +2 robe of willpower.
 23434 | Snake:1  | Entered Level 1 of the Snake Pit
 23464 | Snake:1  | Received a gift from Okawaru
 23465 | Snake:1  | Reached skill level 9 in Throwing
 23479 | Snake:1  | You fall into a shaft and drop 1 floor!
 23514 | Snake:2  | 23514 ||| INVOKING Heroism.
 23533 | Snake:2  | 23533 ||| INVOKING Heroism.
 23759 | Snake:2  | 23759 ||| INVOKING Heroism.
 23844 | Snake:2  | 23844 ||| INVOKING Heroism.
 23847 | Snake:2  | Received a gift from Okawaru
 24143 | Snake:1  | 24143 ||| INVOKING Heroism.
 24421 | Snake:1  | 24421 ||| FLEEEEING.
 24422 | Snake:1  | 24422 ||| FLEEEEING.
 24423 | Snake:1  | 24423 ||| FLEEEEING.
 24434 | Snake:1  | 24434 ||| INVOKING Heroism.
 24536 | Snake:1  | 24536 ||| Stepping ~*~*~tactically~*~*~ (outnumbered).
 24546 | Snake:1  | Received a gift from Okawaru
 24703 | Snake:1  | 24703 ||| INVOKING Heroism.
 24848 | Snake:1  | Found a runed translucent door.
 24849 | Snake:1  | Noticed Zonian's ghost (adept HOFi)
 24921 | Snake:1  | 24921 ||| INVOKING Heroism.
 25546 | Snake:2  | 25546 ||| INVOKING Heroism.
 25910 | Snake:2  | 25910 ||| READING scroll of acquirement.
 25910 | Snake:2  | 25910 ||| ACQUIRING ring of protection from cold
 25910 | Snake:2  | Acquired a ring of protection from cold
 25912 | Snake:2  | 25912 ||| DROPPING ring of ice.
 25953 | Snake:2  | Found a glowing silver altar of Zin.
 26283 | Snake:2  | 26283 ||| UPGRADING to ring of protection from cold.
 26348 | Snake:3  | 26348 ||| INVOKING Heroism.
 26556 | Snake:3  | 26556 ||| Stepping ~*~*~tactically~*~*~ (outnumbered).
 26567 | Snake:3  | 26567 ||| INVOKING Heroism.
 26590 | Snake:3  | Received a gift from Okawaru
 26838 | Snake:3  | 26838 ||| INVOKING Heroism.
 26912 | Snake:3  | 26912 ||| FLEEEEING.
 26913 | Snake:3  | 26913 ||| FLEEEEING.
 27025 | Snake:3  | 27025 ||| INVOKING Heroism.
 27036 | Snake:3  | Received a gift from Okawaru
 27197 | Snake:3  | 27197 ||| Stepping ~*~*~tactically~*~*~ (outnumbered).
 27199 | Snake:3  | 27199 ||| Stepping ~*~*~tactically~*~*~ (outnumbered).
 27321 | Snake:3  | 27321 ||| INVOKING Heroism.
 27340 | Snake:3  | Reached XP level 17. HP: 140/162 MP: 23/23
 27610 | Snake:3  | 27610 ||| Stepping ~*~*~tactically~*~*~ (outnumbered).
 27613 | Snake:3  | 27613 ||| Stepping ~*~*~tactically~*~*~ (outnumbered).
 27615 | Snake:3  | 27615 ||| Stepping ~*~*~tactically~*~*~ (outnumbered).
 27619 | Snake:3  | 27619 ||| Stepping ~*~*~tactically~*~*~ (outnumbered).
 27620 | Snake:3  | 27620 ||| Stepping ~*~*~tactically~*~*~ (outnumbered).
 27773 | Snake:3  | 27773 ||| INVOKING Heroism.
 27776 | Snake:3  | 27776 ||| Stepping ~*~*~tactically~*~*~ (outnumbered).
 27784 | Snake:3  | 27784 ||| Stepping ~*~*~tactically~*~*~ (outnumbered).
 27787 | Snake:3  | 27787 ||| Stepping ~*~*~tactically~*~*~ (outnumbered).
 27789 | Snake:3  | 27789 ||| Stepping ~*~*~tactically~*~*~ (outnumbered).
 27791 | Snake:3  | 27791 ||| Stepping ~*~*~tactically~*~*~ (outnumbered).
 27804 | Snake:3  | Reached skill level 18 in Fighting
 28149 | Snake:3  | 28149 ||| PLANNING SHOALS:1-3
 28149 | Snake:3  | 28149 ||| DROPPING amulet of regeneration.
 28247 | Shoals:1 | Entered Level 1 of the Shoals
 28323 | Shoals:1 | Noticed Nikola
 28324 | Shoals:1 | 28324 ||| INVOKING Heroism.
 28325 | Shoals:1 | 28325 ||| INVOKING Finesse.
 28338 | Shoals:1 | Killed Nikola
 28379 | Shoals:1 | Found Xorurog Wovo's Armour Boutique.
 28382 | Shoals:1 | 28382 ||| INVOKING Heroism.
 28439 | Shoals:1 | 28439 ||| INVOKING Heroism.
 28511 | Shoals:1 | 28511 ||| FLEEEEING.
 28513 | Shoals:1 | 28513 ||| FLEEEEING.
 28593 | Shoals:1 | 28593 ||| Stepping ~*~*~tactically~*~*~ (water).
 28652 | Shoals:1 | Identified the +1 kite shield of the Flute {rF++ rCorr}
 28678 | Shoals:1 | 28678 ||| INVOKING Heroism.
 28687 | Shoals:1 | Reached skill level 15 in Dodging
 28845 | Shoals:1 | Received a gift from Okawaru
 28887 | Shoals:1 | 28887 ||| FLEEEEING.
 28888 | Shoals:1 | 28888 ||| FLEEEEING.
 28896 | Shoals:1 | 28896 ||| UPGRADING to ring of see invisible.
 28925 | Shoals:1 | Reached skill level 9 in Armour
 29210 | Shoals:2 | Noticed Aizul
 29211 | Shoals:2 | 29211 ||| INVOKING Heroism.
 29212 | Shoals:2 | 29212 ||| INVOKING Finesse.
 29221 | Shoals:2 | Killed Aizul
 29304 | Shoals:2 | Received a gift from Okawaru
 29310 | Shoals:2 | Found a transporter.
 29330 | Shoals:2 | 29330 ||| READING scroll of enchant weapon.
 29330 | Shoals:2 | 29330 ||| ENCHANTING +4 longbow of flaming.
 29459 | Shoals:2 | Found a transporter.
 29595 | Shoals:2 | 29595 ||| INVOKING Heroism.
 29596 | Shoals:2 | 29596 ||| Stepping ~*~*~tactically~*~*~ (outnumbered).
 29888 | Shoals:3 | 29888 ||| INVOKING Heroism.
 29896 | Shoals:3 | Received a gift from Okawaru
 30001 | Shoals:3 | 30001 ||| Stepping ~*~*~tactically~*~*~ (outnumbered).
 30006 | Shoals:3 | 30006 ||| INVOKING Heroism.
 30007 | Shoals:3 | 30007 ||| Stepping ~*~*~tactically~*~*~ (outnumbered).
 30008 | Shoals:3 | 30008 ||| Stepping ~*~*~tactically~*~*~ (outnumbered).
 30017 | Shoals:3 | 30017 ||| Stepping ~*~*~tactically~*~*~ (outnumbered).
 30077 | Shoals:3 | Received a gift from Okawaru
 30098 | Shoals:3 | 30098 ||| INVOKING Heroism.
 30411 | Shoals:3 | 30411 ||| READING scroll of enchant weapon.
 30411 | Shoals:3 | 30411 ||| ENCHANTING +5 longbow of flaming.
 30424 | Shoals:3 | Found Jeckad's Weapon Shoppe.
 30629 | Shoals:3 | 30629 ||| STAIRDANCE
 30697 | Shoals:3 | 30697 ||| INVOKING Heroism.
 30775 | Shoals:3 | 30775 ||| PLANNING SNAKE:4
 30931 | Snake:4  | Entered Level 4 of the Snake Pit
 30945 | Snake:4  | 30945 ||| STAIRDANCE
 31072 | Snake:4  | 31072 ||| INVOKING Heroism.
 31120 | Snake:4  | 31120 ||| INVOKING Heroism.
 31273 | Snake:4  | 31273 ||| INVOKING Heroism.
 31298 | Snake:4  | HP: 31/168 [salamander/+3 heavy trident (15)]
 31299 | Snake:4  | 31299 ||| READING 12 scrolls of teleportation.
 31300 | Snake:4  | 31300 ||| DRINKING 2 potions of heal wounds.
 31303 | Snake:4  | Received a gift from Okawaru
 31325 | Snake:4  | 31325 ||| FLEEEEING.
 31326 | Snake:4  | 31326 ||| FLEEEEING.
 31328 | Snake:4  | 31328 ||| FLEEEEING.
 31329 | Snake:4  | 31329 ||| STAIRDANCE
 31613 | Snake:4  | 31613 ||| INVOKING Heroism.
 31619 | Snake:4  | 31619 ||| Stepping ~*~*~tactically~*~*~ (outnumbered).
 31680 | Snake:4  | Received a gift from Okawaru
 31776 | Snake:4  | 31776 ||| READING scroll of enchant armour.
 31776 | Snake:4  | 31776 ||| ENCHANTING +1 cloak.
 31802 | Snake:4  | 31802 ||| FLEEEEING.
 31803 | Snake:4  | 31803 ||| FLEEEEING.
 31804 | Snake:4  | 31804 ||| FLEEEEING.
 31966 | Snake:4  | Reached XP level 18. HP: 177/177 MP: 24/24
 32006 | Snake:4  | Identified the +6 arbalest of Moderation {antimagic, Int+3}
                  | (Okawaru gifted it to you on level 4 of the Snake Pit)
 32006 | Snake:4  | Received a gift from Okawaru
 32045 | Snake:4  | 32045 ||| FLEEEEING.
 32046 | Snake:4  | 32046 ||| FLEEEEING.
 32047 | Snake:4  | 32047 ||| FLEEEEING.
 32048 | Snake:4  | 32048 ||| FLEEEEING.
 32049 | Snake:4  | 32049 ||| FLEEEEING.
 32050 | Snake:4  | 32050 ||| FLEEEEING.
 32056 | Snake:4  | 32056 ||| FLEEEEING.
 32057 | Snake:4  | 32057 ||| FLEEEEING.
 32058 | Snake:4  | 32058 ||| STAIRDANCE
 32280 | Snake:4  | 32280 ||| INVOKING Heroism.
 32290 | Snake:4  | 32290 ||| FLEEEEING.
 32290 | Snake:4  | HP: 19/178 [salamander tyrant (37)]
 32291 | Snake:4  | 32291 ||| FLEEEEING.
 32291 | Snake:4  | HP: 4/178 [naga sharpshooter/bolt (15)]
 32291 | Snake:4  | Killed from afar by a salamander tyrant

Levels and vault maps discovered:
D:1:      dpeg_arrival_fog, layout_basic, hellmonk_ecumenical_altar_arch_garden,
          serial_aquarium, aquarium_bridge_straight [aquarium_subvault_bridge,
          aquarium_subvault_window, aquarium_subvault_bridge,
          aquarium_subvault_window], aquarium_bridge_island_small
          [aquarium_subvault_small_water, aquarium_subvault_bridge,
          aquarium_subvault_balcony, aquarium_subvault_window,
          aquarium_subvault_wall], aquarium_window_1, aquarium_window_fake,
          aquarium_window_1, aquarium_view_2g, aquarium_pool_side
D:2:      layout_basic, basic_altar
D:3:      layout_rooms, kennysheep_small_spiral, grunt_ministairs_6,
          uniq_sigmund
D:4:      layout_loops_ring, hex_tiny
D:5:      layout_basic, mainiacjoe_overflow_six_doors_small,
          minmay_temple_entry_waves, kennysheep_generic_room_12
D:6:      layout_loops_ring, zin_treasury, kennysheep_crisscross,
          minmay_misc_feat_square
D:7:      layout_basic, serial_demonic, serial_demonic_g, serial_demonic_g,
          serial_demonic_d, serial_demonic_f
D:8:      layout_loops_ring, lemuel_doored_altar, dpeg_oklobed_lair
D:9:      layout_basic, zombieorc2_lemuel, gammafunk_ghost_berserking_beasts,
          chequers_serial_rivers_marsh
D:10:     layout_gridville, gammafunk_ghost_abyssal_escape
D:11:     layout_roguey, chequers_serial_rivers_small_b,
          kennysheep_pointless_box, hellmonk_guarded_unrand_gong
D:12:     minmay_the_grid_triangle_9x9_rhombus_thin_mashed
          [minmay_the_grid_triangle_9x9_impossible_snake,
          minmay_the_grid_triangle_9x9_prize_top_heavy,
          minmay_the_grid_triangle_9x9_skeleton,
          minmay_the_grid_triangle_9x9_odd_lines], layout_gridville, serial_ice,
          serial_ice_b, serial_ice_c, serial_ice_n, serial_ice_g, serial_ice_l,
          serial_ice_m, serial_ice_d, serial_ice_f, serial_ice_h, serial_ice_e,
          minmay_misc_feat_x
D:13:     minmay_curly_fans, layout_basic, david_vaults_1,
          nicolae_wu_jian_immortal_techniques
D:14:     layout_irregular_city, nicolae_two_hexagons, fedhas_altar_1,
          uniq_louise, uniq_frances
D:15:     grunt_enter_depths_snipers, layout_cave_pools
Temple:   hellmonk_temple_of_storms
Lair:1:   layout_regular_city, ebering_ghost_xom, wad_woods_road_03
Lair:2:   layout_cave_pods, lemuel_centaur_altar, uniq_fannar
Lair:3:   layout_small_grid, elwin_shoals_entry_stream,
          guppyfry_snake_entry_garden, lemuel_fruit_fields
Lair:4:   layout_cave_pods, slime_entry_1, gauntlet_entry_generic,
          lookout_lair_type, kennysheep_abandoned_house
Lair:5:   cheibrodos_lair_end_hotspot, layout_regular_city, uniq_sonja,
          uniq_josephine, uniq_nessos
Shoals:1: layout_shoals, nicolae_take_the_stairs, uniq_nikola
Shoals:2: gammafunk_sealed_arena, layout_shoals, uniq_aizul
Shoals:3: layout_shoals, serial_shops, nicolae_shop_tiny_real_fake_doors
Snake:1:  layout_concentric_octagons, gammafunk_ghost_grave,
          nicolae_snake_gridmaze_entwining
Snake:2:  nicolae_snake_nest, layout_concentric_octagons, basic_altar
Snake:3:  layout_cave_town, nicolae_snake_flat_spine,
          nicolae_snake_coiling_death
Snake:4:  snake_pit_salamanders_mu, layout_cave_town, serial_bayou_pond_b,
          st_stairs_9
Orc:1:    layout_diamond_mine, mines5_lemuel
Orc:2:    st_orc_rangers, layout_caves, minmay_orc_temple_b

Skill      XL: |  1  2  3  4  5  6  7  8  9 10 11 12 13 14 15 16 17 |
---------------+----------------------------------------------------+-----
Ranged Weapons | 5 6 7 9 10 12 13 15 16 18 19 20 | 20.0
Fighting       | 3 6 7 8 9 10 11 12 15 17 19 | 19.9
Armour         | 1 2 3 4 5 6 8 9 |  9.0
Dodging        | 4 6 7 9 10 12 14 16 | 16.0
Invocations    | 4 6 9 10 | 10.0
Throwing       | 1 2 5 6 8 10 11 | 11.1
Stealth        | |  0.7

Action                     |  1- 3 |  4- 6 |  7- 9 | 10-12 | 13-15 | 16-18 || total
---------------------------+-------+-------+-------+-------+-------+-------++-------
   Fire: Shortbow          |   123 |   126 |   134 |       |       |       ||   383
         Orcbow            |       |       |   201 |   205 |       |       ||   406
         Arbalest          |       |       |       |   261 |     4 |       ||   265
         Longbow           |       |       |       |       |   999 |  1391 ||  2390
  Throw: Javelin           |       |       |       |     1 |       |     4 ||     5
 Invoke: Heroism           |       |       |    10 |    24 |    22 |    35 ||    91
         Finesse           |       |       |       |     2 |     4 |     3 ||     9
  Evoke: Wand              |       |       |       |     1 |       |       ||     1
    Use: Scroll            |     4 |     8 |     5 |    12 |     7 |     7 ||    43
         Potion            |       |     1 |     2 |     2 |     3 |     1 ||     9
 Armour: Leather armour    |    11 |     7 |    36 |    28 |    69 |    59 ||   210
         Ring mail         |       |       |     4 |       |       |       ||     4
  Dodge: Dodged            |    27 |    38 |   147 |   234 |   484 |   680 ||  1610

Table legend:
 A = Non-vault XP
 B = Vault XP
 C = Vault XP percentage of total XP
 D = Non-vault monster count
 E = Vault monster count
 F = Vault count percentage of total count
                 A         B        C        D         E       F
            +---------+---------+-------+---------+---------+-------
      Total |  195686 |   60660 |  23.7 |     709 |     240 |  25.3
            +---------+---------+-------+---------+---------+-------
        D:1 |      54 |       0 |   0.0 |      22 |       0 |   0.0
        D:2 |     101 |       0 |   0.0 |      20 |       0 |   0.0
        D:3 |      16 |     241 |  93.8 |      11 |       2 |  15.4
        D:4 |     285 |       0 |   0.0 |      20 |       0 |   0.0
        D:5 |     598 |      36 |   5.7 |      16 |       1 |   5.9
        D:6 |     795 |       0 |   0.0 |      15 |       0 |   0.0
        D:7 |     847 |     125 |  12.9 |      14 |       5 |  26.3
        D:8 |    1207 |       0 |   0.0 |      27 |       0 |   0.0
        D:9 |    1912 |     812 |  29.8 |      22 |      36 |  62.1
       D:10 |    4246 |       0 |   0.0 |      34 |       0 |   0.0
       D:11 |    2148 |     903 |  29.6 |      15 |       2 |  11.8
       D:12 |    3443 |    9920 |  74.2 |      13 |      36 |  73.5
       D:13 |   11481 |    3824 |  25.0 |      30 |       6 |  16.7
       D:14 |   11484 |    2669 |  18.9 |      24 |       2 |   7.7
       D:15 |    5759 |    2716 |  32.0 |      11 |       3 |  21.4
     Lair:1 |    3779 |     210 |   5.3 |      17 |       1 |   5.6
     Lair:2 |    4581 |    1365 |  23.0 |      15 |       5 |  25.0
     Lair:3 |    4741 |    2359 |  33.2 |      21 |       7 |  25.0
     Lair:4 |    4217 |    1069 |  20.2 |       9 |      17 |  65.4
     Lair:5 |   15277 |   11150 |  42.2 |      61 |      28 |  31.5
   Shoals:1 |   17383 |    2244 |  11.4 |      34 |       1 |   2.9
   Shoals:2 |    8935 |    1162 |  11.5 |      23 |       1 |   4.2
   Shoals:3 |   15780 |       0 |   0.0 |      33 |       0 |   0.0
    Snake:1 |   15061 |       0 |   0.0 |      28 |       0 |   0.0
    Snake:2 |   11900 |       0 |   0.0 |      27 |       0 |   0.0
    Snake:3 |   24807 |    3848 |  13.4 |      52 |       8 |  13.3
    Snake:4 |   19598 |    5658 |  22.4 |      37 |      10 |  21.3
      Orc:1 |    4141 |    1131 |  21.5 |      36 |       9 |  20.0
      Orc:2 |    1110 |    5598 |  83.5 |      22 |      48 |  68.6
   Gauntlet |       0 |    3620 | 100.0 |       0 |      12 | 100.0
            +---------+---------+-------+---------+---------+-------
